 Dungeon Crawl Stone Soup version 0.32-a0-120-gfac0567ad4 (webtiles) character file.

Game seed: 6022907928235492644

10129 olmar the Grappler (level 11, -1/78 HPs)
             Began as a Demonspawn Shapeshifter on Feb 6, 2024.
             Was an Initiate of Ru.
             Slain by a cane toad (15 damage)
             ... on level 1 of the Lair of Beasts.
             The game lasted 00:17:14 (10702 turns).

olmar the Grappler (Demonspawn Shapeshifter)       Turns: 10702, Time: 00:17:14

Health: -1/78      AC:  9    Str: 19    XL:     11   Next: 32%
Magic:  11/11      EV: 13    Int: 11    God:    Ru [......]
Gold:   349        SH:  4    Dex: 12    Spells: 10/10 levels left

rFire   + .          .
                       - Unarmed
rCold   . . .        (no shield)
rNeg    . . .        A - +1 leather armour {rF+}
rPois   .            M - +0 helmet
rElec   .            (no cloak)
rCorr   .            (no gloves)
SInv    .            h - +0 pair of boots
Will    .....        (no amulet)
Stlth   +            (no ring)
HPRegen 0.33/turn    (no ring)
MPRegen 0.12/turn

%: no passive effects
@: about to teleport, marked
A: claws 2, icy blue scales 2, condensation shield, no forms
a: Renounce Religion


You were on level 1 of the Lair of Beasts.
You worshipped Ru.
Ru was noncommittal.
You visited 4 branches of the dungeon, and saw 12 of its levels.

You collected 733 gold pieces.
You spent 384 gold pieces at shops.

Inventory:

Missiles
 b - 10 boomerangs
 y - 31 poisoned darts (quivered)
 J - 4 javelins
 O - 5 curare-tipped darts
Armour
 a - a +0 animal skin
 h - a +0 pair of boots (worn)
 A - a +1 leather armour of fire resistance (worn)
 H - a +0 pair of gloves
 M - a +0 helmet (worn)
 N - a +2 robe of positive energy
Jewellery
 G - an amulet of faith
Wands
 v - a wand of flame (15)
Scrolls
 e - 3 scrolls of amnesia
 g - 3 scrolls of immolation
 j - 3 scrolls of fog
 k - 2 scrolls of enchant armour
 m - 3 scrolls of butterflies
 n - 4 scrolls of blinking
 q - 3 scrolls of revelation
 r - 2 scrolls of teleportation
 w - 5 scrolls of enchant weapon
 C - 3 scrolls of brand weapon {unknown}
 D - a scroll of noise {unknown}
 E - 3 scrolls of poison
 K - a scroll of acquirement {unknown}
Potions
 i - a potion of invisibility
 l - 5 potions of curing
 o - 2 potions of ambrosia {unknown}
 t - a potion of enlightenment {unknown}
 u - a potion of berserk rage {unknown}
 x - a potion of resistance {unknown}
 z - a potion of lignification
 B - a potion of brilliance {unknown}
 I - 4 potions of attraction {unknown}


   Skills:
 + Level 4.4 Fighting
 - Level 3.1 Armour
 - Level 5.3 Dodging
 + Level 13.1 Unarmed Combat
 - Level 0.4 Evocations


You had 10 spell levels left.
You didn't know any spells.
Your spell library contained the following spells:

 Spells                   Type           Power      Damage    Failure   Level
 Gell's Gravitas          Tloc           0%         N/A       77%         3
 Ozocubu's Armour         Ice            0%         N/A       77%         3
 Teleport Other           Tloc           0%         N/A       77%         3
 Metabolic Englaciation   Hex/Ice        0%         N/A       100%        5
 Dispersal                Tloc           0%         N/A       100%        6
 Sculpt Simulacrum        Ice/Alch       0%         N/A       100%        6


Dungeon Overview and Level Annotations

Branches:
Dungeon (9/15)             Temple (1/1) D:7            Lair (1/5) D:9
    Orc (1/2) D:9

Altars:
Ashenzari
Cheibriados
Dithmenos
Fedhas
Gozag
Hepliaklqana
Kikubaaqudgha
Makhleb
Nemelex Xobeh
Okawaru
Qazlal
Ru
Sif Muna
Trog
Uskayaw
Vehumet
Wu Jian
Xom
Yredelemnul

Shops:
D:2 :   D:4 ?

Annotations:
D:2 1 runed translucent door, Crazy Yiuf


Innate Abilities, Weirdness & Mutations

You have very sharp fingernails.
You are mostly covered in icy blue scales. (AC +3)
A meltable shield of frost defends you. (SH +4)
You cannot voluntarily change form.


Message History

The wolf bites you but does no damage. The komodo dragon bites you!
* * * LOW HITPOINT WARNING * * *
Unknown command.
Okay, then.
Blink to where?
Press: ? - help, Dir - move target, p - wolf
As you read the scroll of blinking, it crumbles to dust.
Unknown command.
It was a potion of curing.
You feel better.
Aiming: Throw Flame
Press: ? - help, Shift-Dir - straight line, f - komodo dragon
Aim: a komodo dragon (almost dead, 77% to hit)
The puff of flame hits the komodo dragon.
The komodo dragon is almost dead.
Unknown command.
Aiming: Throw Flame
Press: ? - help, Shift-Dir - straight line, f/p - komodo dragon
Aim: a komodo dragon (almost dead, 77% to hit)
The puff of flame hits the komodo dragon.
The komodo dragon is almost dead.
Unknown command.
Unknown command.
The wolf attacks as it pursues you! The wolf barely misses you.
The wolf closely misses you.
As you read the scroll of teleportation, it crumbles to dust.
You feel strangely unstable.
The wolf bites something.
Unknown command.
The wolf attacks as it pursues you! The wolf bites you.
* * * LOW HITPOINT WARNING * * *
A yak comes into view.
The wolf bites you but does no damage.
Unknown command.
A yak comes into view.
The cane toad attacks as it pursues you!
The cane toad closely misses you. The wolf attacks as it pursues you!
The wolf barely misses you.
A yak comes into view.
The cane toad stings you!
You die...
Ru respects your ultimate sacrifice.

#.........#..........†~
..........#..##<.......
#........÷.....##....##
#.......÷.P....# .#....
.####...P.P÷....######P#
................P### #
................##.#####
.......................$
.YY....@F.........l.....
........hh......(...hF..
Y####.P##....(######.#..
...#.....................#
♣..#.....l#(..............
♣..#......#.....#.........
♣..#......P...............
♣.........+.....#........#
♣.........#(.........(...#


You could see 3 yaks, a cane toad and 2 wolves.

Vanquished Creatures
  Harold (Orc:1)
  A centaur warrior (D:9)
  A two-headed ogre (D:9)
  Amaemon (D:8)
  An orc sorcerer (Orc:1)
  A cane toad (Lair:1)
  An orange demon (D:8)
  A troll (D:9)
  3 yaks (Lair:1)
  4 wyverns
  Eustachio (D:5)
  A wraith (D:9)
  A steam dragon (D:9)
  An acid dragon (D:9)
  Duvessa (D:5)
  2 water moccasins
  3 ice beasts
  5 orc warriors (Orc:1)
  A black bear (D:7)
  A sky beast (D:6)
  2 ogres
  2 centaurs
  5 wolves
  7 bullfrogs
  4 kobold brigands
  3 scorpions
  Dowan (D:5)
  10 killer bees
  5 electric eels
  2 bombardier beetles
  3 howler monkeys
  13 hounds
  6 orc priests
  3 jellies
  4 sleepcaps
  5 iguanas
  13 orc wizards
  8 adders
  A white imp (D:8)
  3 dart slugs
  38 orcs
  4 ball pythons
  3 endoplasms
  5 giant cockroaches
  4 goblins
  9 hobgoblins
  17 kobolds
  4 quokkas
  2 bats
  4 frilled lizards
  5 rats
227 creatures vanquished.

Notes
Turn   | Place    | Note
-------+----------+-------------------------------------------
     0 | D:1      | olmar the Demonspawn Shapeshifter began the quest for the
                  | Orb.
     0 | D:1      | Reached XP level 1. HP: 15/15 MP: 1/1
   175 | D:1      | Found a faded altar of an unknown god.
   234 | D:1      | Gained mutation: You have sharp fingernails. [demonic
                  | ancestry]
   234 | D:1      | Reached XP level 2. HP: 21/21 MP: 2/2
   552 | D:1      | Reached skill level 3 in Unarmed Combat
   804 | D:2      | Found Guqin's Book Boutique.
   833 | D:2      | Gained mutation: You are partially covered in icy blue
                  | scales. (AC +2) [demonic ancestry]
   833 | D:2      | Reached XP level 3. HP: 9/26 MP: 3/3
   965 | D:2      | Found a runed translucent door.
  1013 | D:2      | Noticed Crazy Yiuf
  1316 | D:2      | You fall into a shaft and drop 1 floor!
  1553 | D:3      | Reached XP level 4. HP: 28/32 MP: 4/4
  1583 | D:3      | Found a blossoming altar of Fedhas.
  1750 | D:4      | Reached skill level 4 in Unarmed Combat
  1815 | D:4      | Reached XP level 5. HP: 28/37 MP: 5/5
  2228 | D:4      | Reached skill level 5 in Unarmed Combat
  2390 | D:4      | Found Cuzuh's Magic Scroll Boutique.
  2400 | D:4      | Bought a scroll of blinking for 90 gold pieces
  2400 | D:4      | Bought a scroll of fear for 48 gold pieces
  2400 | D:4      | Bought a scroll of revelation for 90 gold pieces
  2400 | D:4      | Bought a scroll of teleportation for 36 gold pieces
  2439 | D:4      | Gained mutation: A meltable shield of frost defends you.
                  | (SH +4) [demonic ancestry]
  2439 | D:4      | Reached XP level 6. HP: 43/43 MP: 6/6
  2852 | D:5      | Entered Level 5 of the Dungeon
  3026 | D:5      | Reached XP level 7. HP: 49/49 MP: 7/7
  3107 | D:5      | Reached skill level 6 in Unarmed Combat
  3197 | D:5      | Noticed Eustachio
  3201 | D:5      | Noticed Duvessa
  3205 | D:5      | Killed Eustachio
  3246 | D:5      | Killed Duvessa
  3271 | D:5      | Noticed Dowan
  3277 | D:5      | Killed Dowan
  3427 | D:5      | Reached skill level 7 in Unarmed Combat
  3427 | D:5      | Reached XP level 8. HP: 56/56 MP: 8/8
  3986 | D:6      | Reached skill level 8 in Unarmed Combat
  4643 | D:6      | Reached skill level 1 in Armour
  4920 | D:4      | Bought a scroll of identify for 24 gold pieces
  4920 | D:4      | Bought a scroll of identify for 24 gold pieces
  4920 | D:4      | Bought a scroll of poison for 48 gold pieces
  4920 | D:4      | Bought a scroll of identify for 24 gold pieces
  5018 | D:7      | Reached skill level 5 in Shapeshifting
  5035 | D:7      | Reached XP level 9. HP: 40/62 MP: 9/9
  5239 | D:7      | Found a staircase to the Ecumenical Temple.
  5379 | D:7      | Reached skill level 9 in Unarmed Combat
  5646 | Temple   | Entered the Ecumenical Temple
  5661 | Temple   | Became a worshipper of Ru the Awakened
  6170 | D:8      | Reached skill level 5 in Dodging
  6171 | D:8      | Noticed Amaemon
  6172 | D:8      | Noticed an orange demon
  6184 | D:8      | Killed Amaemon
  6185 | D:8      | Reached skill level 10 in Unarmed Combat
  6187 | D:8      | Killed an orange demon
  6188 | D:8      | Gained mutation: You have very sharp fingernails. [demonic
                  | ancestry]
  6188 | D:8      | Reached XP level 10. HP: 23/70 MP: 10/10
  7089 | D:9      | Found a staircase to the Orcish Mines.
  7103 | D:9      | Found an ancient bone altar of Kikubaaqudgha.
  7141 | D:9      | Noticed a two-headed ogre
  7149 | D:9      | Killed a two-headed ogre
  7150 | D:9      | Reached skill level 11 in Unarmed Combat
  7196 | D:9      | Found an iron altar of Okawaru.
  8037 | D:9      | Found a staircase to the Lair.
  8226 | D:9      | Noticed a centaur warrior
  8251 | D:9      | Killed a centaur warrior
  8265 | D:9      | Reached skill level 12 in Unarmed Combat
  8753 | Orc:1    | Entered Level 1 of the Orcish Mines
  9200 | Orc:1    | Noticed Harold
  9200 | Orc:1    | Noticed an orc sorcerer
  9219 | Orc:1    | Killed Harold
  9220 | Orc:1    | Gained mutation: You are mostly covered in icy blue scales.
                  | (AC +3) [demonic ancestry]
  9220 | Orc:1    | Reached XP level 11. HP: 28/77 MP: 11/11
  9223 | Orc:1    | Killed an orc sorcerer
  9915 | Orc:1    | Gained mutation: You cannot voluntarily change form. [Ru
                  | sacrifice]
  9990 | Lair:1   | Entered Level 1 of the Lair of Beasts
 10599 | Lair:1   | Reached skill level 13 in Unarmed Combat
 10702 | Lair:1   | Slain by a cane toad

Illustrated notes

Levels and vault maps discovered:
D:1:      lemuel_arrival_room, layout_basic,
          dreamdust_ecumenical_altar_angels_and_demons, patterned_corridor
D:2:      layout_loops_ring, serial_shops, nicolae_shop_advertising_works
          [nicolae_subvault_shop_adworks], minmay_unequal,
          uniq_crazy_yiuf_cottage
D:3:      layout_rooms, fedhas_altar_4
D:4:      minmay_chambers_of_fours, layout_basic, serial_shops, shop,
          minmay_misc_feat_iff, kennysheep_pointless_box,
          chequers_serial_rivers_marsh, st_stairs_12
D:5:      layout_loops_ring, kennysheep_generic_room_5, uniq_duvessa,
          uniq_eustachio
D:6:      layout_basic
D:7:      layout_cave_pools, temple_pool_b
D:8:      layout_loops_cross, minmay_quadrilaterals, uniq_amaemon
D:9:      layout_long_grid, mainiacjoe_overflow_catch_the_wave,
          erik_lair_island, orc_0_dummy
Temple:   nicolae_temple_bog_church
Lair:1:   layout_regular_city, dpeg_stationary_puzzle, wad_woods_river_01,
          serial_bayou_shore_b, infiniplex_staircase_pool_2
Orc:1:    layout_diamond_mine, mines1_david, uniq_harold

Skill      XL: |  1  2  3  4  5  6  7  8  9 10 11 |
---------------+----------------------------------+-----
Shapeshifting  | 3 4 5 6 0 |  0.0
Unarmed Combat | 3 4 5 7 8 10 12 13 | 13.1
Dodging        | 2 3 4 5 |  5.3
Fighting       | 2 3 4 |  4.4
Armour         | 1 3 |  3.1
Evocations     | |  0.4

Action                     |  1- 3 |  4- 6 |  7- 9 | 10-12 || total
---------------------------+-------+-------+-------+-------++-------
  Melee: Unarmed           |   110 |   124 |   235 |   223 ||   692
         Punch             |       |     5 |     6 |    14 ||    25
  Throw: Boomerang         |     1 |    19 |    55 |       ||    75
         Dart              |       |       |     5 |    20 ||    25
         Javelin           |       |       |     5 |       ||     5
         Throwing net      |       |       |       |     5 ||     5
 Invoke: Sacrifice Forms   |       |       |       |     1 ||     1
  Evoke: Wand              |       |       |     6 |    24 ||    30
    Use: Potion            |     1 |     2 |     6 |     4 ||    13
         Scroll            |     2 |     2 |     4 |     5 ||    13
   Stab: Sleeping          |     2 |     2 |       |       ||     4
         Invisible         |       |     1 |     1 |       ||     2
         Paralysed         |       |       |       |    12 ||    12
         Held in net/web   |       |       |       |     2 ||     2
 Armour: Animal skin       |    38 |    59 |    17 |       ||   114
         Skin              |     5 |       |    37 |       ||    42
         Leather armour    |       |       |    86 |   151 ||   237
  Dodge: Dodged            |    57 |    59 |   117 |   151 ||   384
  Block: Other             |       |     8 |    33 |    32 ||    73

Table legend: (Time is in decaauts)
 A = Elapsed time spent in this place.
 B = Non-inter-level travel time spent in this place.
 C = Inter-level travel time spent in this place.
 D = Time resting spent in this place.
 E = Time spent auto-exploring this place.
 F = Levels seen in this place.
 G = Mean time per level.
                   A        B        C        D        E       F      G
               +--------+--------+--------+--------+--------+-----+--------+
         Total |  10642 |  10052 |    590 |   2735 |   5645 |  12 |  886.8 |
       Dungeon |   8975 |   8420 |    555 |   1950 |   5097 |   9 |  997.2 |
        Temple |     32 |     18 |     14 |      0 |      0 |   1 |   32.0 |
          Lair |    697 |    697 |      0 |    528 |     47 |   1 |  697.0 |
  Orcish Mines |    938 |    919 |     19 |    256 |    501 |   1 |  938.0 |
               +--------+--------+--------+--------+--------+-----+--------+

Top non-repeatable levels by time:
     D:9: 1811 daAuts
     D:6: 1251 daAuts
     D:8: 1207 daAuts
     D:4: 1181 daAuts
     D:5: 1036 daAuts
   Orc:1: 938 daAuts
     D:1: 777 daAuts
     D:7: 702 daAuts
  Lair:1: 697 daAuts
     D:2: 534 daAuts
     D:3: 472 daAuts
  Temple: 32 daAuts
